 Dungeon Crawl Stone Soup version 0.22.0 (webtiles) character file.

2820 Jorund the Destroyer (level 9, -2/57 HPs)
             Began as a Demonspawn Wizard on Aug 11, 2018.
             Was a Believer of Vehumet.
             Slain by a worker ant (7 damage)
             ... on level 7 of the Dungeon.
             The game lasted 00:21:02 (6588 turns).

Jorund the Destroyer (Demonspawn Wizard)            Turns: 6588, Time: 00:21:02

Health: -2/57      AC:  4    Str: 13    XL:     9   Next: 45%
Magic:  13/20      EV: 16    Int: 23    God:    Vehumet [**....]
Gold:   593        SH:  0    Dex: 11    Spells: 14/23 levels left

rFire    + . .     SeeInvis .   A - +2 whip (flame)
rCold    . . .     Gourm    .   (no shield)
rNeg     . . .     Faith    .   a - +0 robe
rPois    +         Spirit   .   b - +1 hat
rElec    .         Reflect  .   (no cloak)
rCorr    .         Harm     .   (no gloves)
MR       .....                  y - +0 pair of boots
Stlth    +++.......             f - amulet of magic regeneration
HPRegen  0.19/turn              o - ring of protection from fire
MPRegen  0.42/turn              j - ring of poison resistance

@: mighty, about to teleport, repel missiles
A: hooves 2, repulsion field 3, nightstalker 1, powered by pain 1
a: Renounce Religion


You were on level 7 of the Dungeon.
You worshipped Vehumet.
Vehumet was pleased with you.
You were not hungry.

You visited 2 branches of the dungeon, and saw 8 of its levels.

You collected 593 gold pieces.

Inventory:

Hand Weapons
 A - a +2 whip of flaming (weapon)
Missiles
 t - 2 throwing nets (quivered)
 E - 43 poisoned needles
Armour
 a - a +0 robe (worn)
 b - a +1 hat (worn)
 y - a +0 pair of boots (worn)
Jewellery
 f - an amulet of magic regeneration (around neck)
 g - an uncursed amulet of rage
 j - a ring of poison resistance (right hand)
 m - an uncursed ring of protection from cold
 n - an uncursed amulet of the gourmand
 o - a ring of protection from fire (left hand)
 v - a +3 amulet of reflection
Wands
 i - a wand of scattershot (6)
 q - a wand of disintegration (2)
 x - a wand of random effects (19)
 D - a wand of paralysis (11)
Scrolls
 c - 2 scrolls of fear
 k - a scroll of enchant weapon
 l - 3 scrolls of teleportation
 s - a scroll of enchant armour
 C - 2 scrolls of remove curse
Potions
 e - a potion of cancellation
 h - a potion of lignification
 p - a potion of curing
 r - a potion of ambrosia
 w - 2 potions of brilliance {unknown}
 z - a potion of flight
 B - 3 potions of might
 F - 2 potions of agility {unknown}
Comestibles
 d - 13 rations
 G - 2 chunks of flesh


   Skills:
 + Level 3.9 Maces & Flails
 - Level 1.7 Dodging
 - Level 1.7 Stealth
 + Level 7.7 Spellcasting
 * Level 9.6 Conjurations
   Level 1.0 Summonings
 - Level 0.8 Translocations


You had 14 spell levels left.
You knew the following spells:

 Your Spells              Type           Power        Failure   Level  Hunger
a - Magic Dart            Conj           ####         1%          1    None
b - Blink                 Tloc           N/A          8%          2    None
c - Conjure Flame         Conj/Fire      ####....     3%          3    None
d - Mephitic Cloud        Conj/Pois/Air  ###.....     6%          3    None

Your spell library contained the following spells:

 Spells                   Type           Power        Failure   Level  Hunger
 Apportation              Tloc           ##....       4%          1    None
 Lightning Bolt           Conj/Air       ####......   28%         5    #####..
 Slow                     Hex            #.......     11%         2    None
 Summon Small Mammal      Summ           ##..         4%          1    None
 Animate Skeleton         Necr           N/A          7%          1    None
 Summon Ice Beast         Ice/Summ       ##......     50%         4    ###....
 Call Imp                 Summ           ##......     7%          2    None
 Shock                    Conj/Air       ####         1%          1    None
 Swiftness                Chrm/Air       #.......     11%         2    None
 Airstrike                Air            #.........   56%         4    ###....
 Confusing Touch          Hex            #.....       7%          1    None
 Call Canine Familiar     Summ           ##......     14%         3    None
 Static Discharge         Conj/Air       ####....     3%          3    None
 Summon Lightning Spire   Summ/Air       ##......     50%         4    ###....
 Summon Guardian Golem    Hex/Summ       ##......     17%         3    None


Dungeon Overview and Level Annotations

Branches:
Dungeon (7/15)             Temple (1/1) D:4

Altars:
Ashenzari
Cheibriados
Dithmenos
Elyvilon
Fedhas
Gozag
Hepliaklqana
Makhleb
Nemelex Xobeh
Okawaru
Qazlal
Ru
Sif Muna
Trog
Uskayaw
Vehumet
Xom
Yredelemnul
Zin
The Shining One

Annotations:
D:3 2 transporters


Innate Abilities, Weirdness & Mutations

You have hoof-like feet.
You are surrounded by a strong repulsion field. (EV +4, RMsl)
You are slightly more attuned to the shadows.
You sometimes gain a little power by taking damage.


Message History

The shadow imp misses you.
The wolf spider zombie barely misses you.
The wolf spider zombie closely misses you.
You closely miss the shadow imp. The shadow imp barely misses you.
The worker ant misses you. The hellwing closely misses you.
The hellwing hits you.
* * * LOW HITPOINT WARNING * * *
The shadow imp barely misses you.
The wolf spider zombie hits you but does no damage.
The wolf spider zombie misses you.
The hellwing is engulfed in blazing flames.
You feel better. The worker ant closely misses you. The shadow imp misses you.
The shadow imp barely misses you. The hellwing hits you!
* * * LOW HITPOINT WARNING * * *
The hellwing hits you.
* * * LOW HITPOINT WARNING * * *
The wolf spider zombie closely misses you. x2
The hellwing is engulfed in blazing flames.
The worker ant bites you!
You die...

#.#
#.##########
##. ..# #.#
#. #..####
#§# #.
.......##§#
##
.4...8..#4#
# .8......#
# .....P85#
# .....545#
## $.8..ZZ@#
#. ∩?..P.a5#
#. .$P...Z.#
#. ...8.8..#
## ....88..#
PP...P..# ##
8......# #.
#. #.


You could see 2 hellwings, a worker ant, 4 shadow imps, a wolf spider zombie and
2 centaur warrior skeletons.

Vanquished Creatures
  A wolf spider zombie (D:7)
  Pikel (D:4)
  Menkaure (D:5)
  A water moccasin (D:6)
  A hornet zombie (D:7)
  4 slaves (D:4)
  A phantom (D:4)
  4 ogres
  3 centaurs
  2 bullfrogs (D:6)
  A scorpion (D:5)
  3 crimson imps
  2 hounds (D:5)
  2 orc wizards
  2 centaur skeletons (D:5)
  A gnoll shaman (D:5)
  A bullfrog skeleton (D:5)
  3 iguanas
  10 worker ants
  4 gnolls (D:5)
  A worker ant zombie (D:5)
  11 adders
  A shadow imp (D:6)
  4 worms
  5 dart slugs
  2 leopard geckos
  12 orcs
  9 giant cockroaches
  8 goblins
  8 hobgoblins
  4 kobolds
  4 quokkas
  3 ball pythons
  5 bats
  5 frilled lizards
  3 rats (D:1)
133 creatures vanquished.

Vanquished Creatures (others)
  A bat (D:3)
  3 withered plants (D:7)
4 creatures vanquished.

Grand Total: 137 creatures vanquished

Notes
Turn   | Place    | Note
-------+----------+-------------------------------------------
     0 | D:1      | Jorund the Demonspawn Wizard began the quest for the Orb.
     0 | D:1      | Reached XP level 1. HP: 13/13 MP: 4/4
   396 | D:1      | Gained mutation: You have large cloven feet. [demonic ancestry]
   396 | D:1      | Reached XP level 2. HP: 19/19 MP: 3/6
   964 | D:2      | Learned a level 2 spell: Blink
   974 | D:2      | Noticed a hungry ghost
  1079 | D:2      | Gained mutation: You are surrounded by a mild repulsion field. (EV +2) [demonic ancestry]
  1079 | D:2      | Reached XP level 3. HP: 19/24 MP: 4/8
  1715 | D:3      | Learned a level 3 spell: Conjure Flame
  1719 | D:3      | Learned a level 3 spell: Mephitic Cloud
  1749 | D:3      | Found a transporter.
  1750 | D:3      | Noticed a kobold demonologist
  1849 | D:3      | Found a transporter.
  1912 | D:3      | Reached skill level 2 in Conjurations
  2032 | D:3      | Found a white marble altar of Elyvilon.
  2252 | D:3      | Noticed a centaur
  2264 | D:3      | Killed a centaur
  2264 | D:3      | Reached skill level 3 in Conjurations
  2264 | D:3      | Gained mutation: You have hoof-like feet. [demonic ancestry]
  2264 | D:3      | Reached XP level 4. HP: 14/30 MP: 10/10
  2474 | D:3      | Gained mutation: You are surrounded by a moderate repulsion field. (EV +3) [demonic ancestry]
  2474 | D:3      | Reached XP level 5. HP: 32/35 MP: 11/11
  2486 | D:3      | Reached skill level 1 in Maces & Flails
  2609 | D:3      | Found a deep blue altar of Sif Muna.
  3233 | D:4      | Reached skill level 4 in Conjurations
  3276 | D:4      | Found a staircase to the Ecumenical Temple.
  3302 | Temple   | Entered the Ecumenical Temple
  3465 | Temple   | Became a worshipper of Vehumet
  3583 | D:4      | Reached XP level 6. HP: 30/41 MP: 11/13
  4037 | D:4      | Noticed a slave
  4037 | D:4      | Noticed a slave
  4037 | D:4      | Noticed a slave
  4038 | D:4      | Noticed Pikel
  4044 | D:4      | Noticed a slave
  4044 | D:4      | Killed a slave
  4056 | D:4      | Killed a slave
  4059 | D:4      | Killed a slave
  4064 | D:4      | Killed a slave
  4097 | D:4      | Killed Pikel
  4097 | D:4      | Reached skill level 5 in Spellcasting
  4097 | D:4      | Reached skill level 6 in Conjurations
  4097 | D:4      | Gained mutation: You are slightly more attuned to the shadows. [demonic ancestry]
  4097 | D:4      | Reached XP level 7. HP: 46/46 MP: 1/15
  4253 | D:5      | Entered Level 5 of the Dungeon
  4366 | D:5      | Noticed Menkaure
  4401 | D:5      | Gained mutation: You sometimes gain a little power by taking damage. [demonic ancestry]
  4401 | D:5      | Reached XP level 8. HP: 41/52 MP: 15/17
  4543 | D:5      | Reached skill level 7 in Conjurations
  4702 | D:5      | Reached * piety under Vehumet
  4702 | D:5      | Offered knowledge of Flame Tongue by Vehumet.
  5037 | D:5      | Found a snail-covered altar of Cheibriados.
  5047 | D:5      | Found a shattered altar of Ashenzari.
  5206 | D:5      | Killed Menkaure
  5335 | D:5      | Reached skill level 8 in Conjurations
  5709 | D:6      | Gained mutation: You are surrounded by a strong repulsion field. (EV +4, RMsl) [demonic ancestry]
  5709 | D:6      | Reached XP level 9. HP: 51/57 MP: 15/19
  5781 | D:6      | Found a sacrificial altar of Ru.
  5949 | D:6      | Offered knowledge of Searing Ray by Vehumet.
  6050 | D:6      | Reached ** piety under Vehumet
  6465 | D:7      | Noticed a hellwing
  6468 | D:7      | Noticed a hellwing
  6579 | D:7      | Reached skill level 9 in Conjurations
  6584 | D:7      | HP: 2/57 [wolf spider zombie (12)]
  6588 | D:7      | Slain by a worker ant

Skill      XL: |  1  2  3  4  5  6  7  8  9 |
---------------+----------------------------+-----
Conjurations   | 3 4 6 8 9 |  9.6
Spellcasting   | 4 5 6 7 |  7.7
Maces & Flails | 1 2 3 |  3.9
Dodging        | |  1.7
Stealth        | |  1.7
Summonings     | |  1.0
Translocations | |  0.8

Action                   |  1- 3 |  4- 6 |  7- 9 || total
-------------------------+-------+-------+-------++-------
Melee: Hand axe          |    12 |       |       ||    12
       Whip              |    17 |    28 |   102 ||   147
       Kick              |     4 |     5 |       ||     9
 Cast: Magic Dart        |    97 |   106 |   198 ||   401
       Mephitic Cloud    |       |     9 |    15 ||    24
       Conjure Flame     |       |     5 |     7 ||    12
       Blink             |       |       |     1 ||     1
Evoke: Wand              |       |       |     3 ||     3
  Use: Scroll            |     7 |     7 |     8 ||    22
       Potion            |     1 |       |     2 ||     3
 Stab: Confused          |       |     1 |    10 ||    11
       Sleeping          |       |       |     1 ||     1
  Eat: Chunk             |     1 |     2 |     9 ||    12
       Ration            |     1 |     1 |       ||     2
Armor: Robe              |     9 |     4 |    18 ||    31
Dodge: Dodged            |    39 |    30 |   137 ||   206
